 Dungeon Crawl Stone Soup version 0.29.1-13-g9f3cf754e1 (webtiles) character file.

Game seed: 12232884658035763308

731 SINFULBELIEVER the Cudgeller (level 8, -9/60 HPs)
             Began as a Formicid Fighter on Jan 21, 2023.
             Mangled by a two-headed ogre
             ... wielding a +0 giant club
              (32 damage)
             ... on level 5 of the Dungeon.
             The game lasted 00:07:06 (3472 turns).

SINFULBELIEVER the Cudgeller (Formicid Fighter)     Turns: 3472, Time: 00:07:07

Health: -9/60      AC:  8    Str: 23    XL:     8   Next: 3%
Magic:  8/8        EV:  9    Int:  8    God:
Gold:   237        SH:  5    Dex: 13    Spells: 7/7 levels left

rFire   . . .      SeeInvis +   t - +4 quarterstaff (chaos)
rCold   . . .      Faith    .   c - +0 buckler
rNeg    . . .      Spirit   .   b - +0 scale mail
rPois   .          Reflect  .   (helmet unavailable)
rElec   .          Harm     .   u - +0 cloak
rCorr   .          Rampage  .   (no gloves)
Will    .....                   (no boots)
Stlth   ..........              n - amulet of regeneration
HPRegen 1.00/turn               (no ring)
MPRegen 0.11/turn               (no ring)

@: no status effects
A: permanent stasis, dig shafts and tunnels, antennae 3, four strong arms
a: Dig, Shaft Self


You were on level 5 of the Dungeon.
You visited 1 branch of the dungeon, and saw 5 of its levels.

You collected 237 gold pieces.

Inventory:

Hand Weapons
 t - a +4 quarterstaff of chaos (weapon)
Armour
 b - a +0 scale mail (worn)
 c - a +0 buckler (worn)
 u - a +0 cloak (worn)
Jewellery
 n - an amulet of regeneration (around neck)
Wands
 d - a wand of polymorph (4)
Scrolls
 f - a scroll of blinking {unknown}
 i - a scroll of acquirement {unknown}
 k - 2 scrolls of fog {unknown}
 m - 5 scrolls of identify {unknown}
 q - a scroll of noise {unknown}
 s - a scroll of teleportation {unknown}
Potions
 e - a potion of berserk rage {unknown}
 g - 4 potions of attraction {unknown}
 h - 4 potions of mutation {unknown}
 j - 3 potions of curing {unknown}
 l - 2 potions of haste {unknown}
 o - a potion of heal wounds {unknown}
 p - a potion of flight {unknown}
 r - a potion of resistance


   Skills:
 + Level 4.0 Fighting
 * Level 7.2 Maces & Flails
 * Level 4.7 Armour
 - Level 4.0 Shields
 + Level 2.4 Evocations


You had 7 spell levels left.
You didn't know any spells.
Your spell library was empty.

Dungeon Overview and Level Annotations

Branches:
Dungeon (5/15)
 Temple: D:4-7

Altars:
Sif Muna

Shops:
D:1 *


Innate Abilities, Weirdness & Mutations

You cannot be hasted, slowed, berserked, paralysed or teleported.
You can dig through walls and to a lower floor.
You have a pair of large antennae on your head. (SInv)
Your four strong arms can wield two-handed weapons with a shield.


Message History

The orc shouts!
You hear two shouts!
An orc comes into view. It is wielding a +0 mace.
The orc hits you with a +0 dagger.
You sock the orc! You burn the orc.
You kill the orc!
The orc closely misses you.
Things that are here:
a +0 dagger; an orc corpse You completely miss the orc.
The orc closely misses you. The orc barely misses you.
You sock the orc!
You kill the orc!
A two-headed ogre comes into view.
It is wielding a +0 giant club and a +0 giant spiked club.
The orc hits you but does no damage.
You closely miss the orc. The orc hits you with a +0 flail.
You closely miss the orc. The orc hits you with a +0 flail!
You barely miss the orc.
Okay, then.
You barely miss the two-headed ogre.
Okay, then.
Okay, then.
You sock the two-headed ogre!
The two-headed ogre is moderately wounded.
You block the two-headed ogre's attack.
The two-headed ogre hits you with a +0 giant spiked club!
The orc hits you but does no damage.
You barely miss the two-headed ogre.
The two-headed ogre is moderately wounded.
The orc barely misses you.
The two-headed ogre hits you with a +0 giant club!
The two-headed ogre hits you with a +0 giant spiked club.
The orc hits you with a +0 flail.
Unknown command.
You hit the two-headed ogre.
Lightning courses through the two-headed ogre!
The two-headed ogre is heavily wounded.
The orc completely misses you.
The two-headed ogre hits you with a +0 giant club!!
Ouch! That really hurt!
You die...

#.# .# #.# .# #.#
.# ####>##.# #
#.......#.#.. #
..####...........
#. .............o.#
#......#####...@O.#
..................#
###..#####.....##.#
......).).........#
##...)...###.#####
#..####.# #.# #.
#.# #.. {
#.#########
+..####.#........


You could see a two-headed ogre and an orc.

Vanquished Creatures
  Grinder (D:3)
  Eustachio (D:4)
  A scorpion (D:4)
  Crazy Yiuf (D:4)
  2 hounds (D:4)
  Ijyb (D:3)
  An iguana (D:4)
  A hound skeleton (D:3)
  4 gnolls (D:5)
  8 adders
  An adder zombie (D:3)
  3 worms
  5 dart slugs
  3 orcs
  4 ball pythons
  9 endoplasms
  2 giant cockroaches
  4 goblins
  5 hobgoblins
  6 kobolds
  3 quokkas
  3 bats
  5 frilled lizards
  A quokka skeleton (D:3)
  2 quokka zombies (D:3)
  3 rats
  A spectral kobold (D:1)
81 creatures vanquished.

Vanquished Creatures (others)
  A withered plant (D:3)
1 creature vanquished.

Grand Total: 82 creatures vanquished

Notes
Turn   | Place    | Note
-------+----------+-------------------------------------------
     0 | D:1      | SINFULBELIEVER the Formicid Fighter began the quest for the
                  | Orb.
     0 | D:1      | Reached XP level 1. HP: 18/18 MP: 1/1
   241 | D:1      | Reached XP level 2. HP: 24/24 MP: 2/2
   419 | D:1      | Found a faded altar of an unknown god.
   441 | D:1      | Reached skill level 3 in Maces & Flails
   666 | D:1      | Found Gafoec's Assorted Antiques.
   946 | D:1      | Reached XP level 3. HP: 29/29 MP: 3/3
  2015 | D:3      | Found a shimmering blue altar of Sif Muna.
  2018 | D:3      | Reached skill level 4 in Maces & Flails
  2018 | D:3      | Reached XP level 4. HP: 35/35 MP: 4/4
  2149 | D:3      | Noticed Grinder
  2163 | D:3      | Killed Grinder
  2164 | D:3      | Reached skill level 6 in Maces & Flails
  2164 | D:3      | Reached XP level 5. HP: 22/41 MP: 5/5
  2164 | D:3      | Reached XP level 6. HP: 26/47 MP: 6/6
  2310 | D:3      | Noticed Ijyb
  2341 | D:3      | Killed Ijyb
  2900 | D:4      | Reached skill level 1 in Evocations
  2900 | D:4      | Reached XP level 7. HP: 52/52 MP: 7/7
  2957 | D:4      | Noticed Eustachio
  2989 | D:4      | Killed Eustachio
  3047 | D:4      | Reached skill level 7 in Maces & Flails
  3117 | D:4      | Found a runed translucent door.
  3118 | D:4      | Noticed Crazy Yiuf
  3298 | D:4      | Killed Crazy Yiuf
  3364 | D:5      | Entered Level 5 of the Dungeon
  3427 | D:5      | Reached XP level 8. HP: 33/60 MP: 8/8
  3465 | D:5      | Noticed a two-headed ogre
  3472 | D:5      | Mangled by a two-headed ogre

Illustrated notes

Levels and vault maps discovered:
D:1:      dpeg_arrival_round_c, layout_loops_corners,
          dreamdust_ecumenical_altar_drowned_temple, serial_shops, shop
D:2:      layout_loops_ring, dreamdust_princess_corridor,
          chequers_serial_rivers_micro_c
D:3:      wander_river, layout_basic, mainiacjoe_overflow_concentric_impassable,
          serial_undead, serial_undead_e, serial_undead_a, serial_undead_e,
          serial_undead_c, uniq_ijyb, uniq_grinder
D:4:      layout_basic, uniq_eustachio, uniq_crazy_yiuf_cottage
D:5:      corexii_shack_village, layout_basic, kennysheep_little_box,
          minmay_temple_entry_hall, uniq_pikel

Skill      XL: |  1  2  3  4  5  6  7 |
---------------+----------------------+-----
Maces & Flails | 3 4 6 7 |  7.2
Evocations     | 1 2 |  2.4
Armour         | 4 |  4.7
Fighting       | 4 |  4.0
Shields        | |  4.0

Action                   |  1- 3 |  4- 6 |  7- 9 || total
-------------------------+-------+-------+-------++-------
Melee: Flail             |   101 |    65 |    68 ||   234
       Unarmed           |       |    20 |       ||    20
       Quarterstaff      |       |       |    31 ||    31
  Use: Potion            |       |     1 |       ||     1
Armor: Scale mail        |    41 |    23 |    39 ||   103
Dodge: Dodged            |    41 |    35 |    39 ||   115
Block: Buckler           |    20 |    12 |    16 ||    48
